Map: Purity and Industry LE

Players

FLOVIDXIX - Winner!

  • Race: Terran Terran
  • League: Master
  • Spawn Location: 3:00

Bublu

  • Race: Protoss Protoss
  • League: Platinum
  • Spawn Location: 12:00

VOD

Have the link to the VOD?

Description

Time

  • Played on: April 29, 2020, 10:44 p.m.
  • Length: 15:51
Show
View Real Time Build Order
Export as new Build Order

FLOVIDXIX Terran - Winner!

Build Orders:  

Get SALT Encoding   

  12  0:01  SCV  
  13  0:13  SCV  
  14  0:19  Supply Depot  
  14  0:25  SCV  
  15  0:40  SCV  
  16  0:45  Refinery  
  16  0:52  SCV  
  13  2:13  SCV  
  13  2:18  Barracks  
  13  2:52  SCV  
  14  3:04  SCV  
  16  3:22  SCV  
  16  3:53  Orbital Command  
  16  4:06  Refinery  
  16  4:28  SCV  
  17  4:41  SCV  
  18  4:53  SCV  
  18  4:58  Refinery  
  19  5:05  SCV  
  20  5:17  SCV  
  21  5:29  SCV  
  22  5:41  SCV  
  23  5:48  Factory  
  23  6:06  Supply Depot  
  23  6:08  Supply Depot  
  23  6:28  SCV  
  24  6:40  SCV  
  24  6:41  Starport  
  25  6:49  Supply Depot  
  25  6:52  SCV  
  26  7:04  SCV  
  26  7:08  Widow Mine  
  29  7:16  SCV  
  29  7:19  Medivac  
  32  7:25  Fusion Core  
  32  7:28  SCV  
  32  7:29  Widow Mine  
  35  7:35  Supply Depot  
  35  7:39  Supply Depot  
  35  7:42  SCV  
  36  7:50  Starport Tech Lab  
  36  7:51  Widow Mine  
  38  7:54  SCV  
  39  8:00  Supply Depot  
  39  8:06  SCV  
  39  8:12  Widow Mine  
  42  8:20  Battlecruiser  
  48  8:29  Supply Depot  
  41  9:20  Command Center  
  41  9:24  Battlecruiser  
  39  10:54  Battlecruiser  
  39  10:57  SCV  
  46  11:09  SCV  
  46  11:10  Factory Tech Lab  
  47  11:21  SCV  
  47  11:25  Supply Depot x2  
  48  11:30  Refinery  
  48  11:33  Refinery, SCV  
  49  11:45  SCV  
  50  11:57  SCV  
  51  12:09  SCV  
  52  12:41  Battlecruiser  
  52  12:43  SCV  
  59  12:46  Factory  
  59  12:50  Factory  
  59  12:53  Factory  
  59  12:55  SCV  
  60  13:00  Widow Mine  
  62  13:07  SCV  
  63  13:15  Supply Depot  
  63  13:16  Supply Depot  
  63  13:21  Widow Mine  
  66  13:27  SCV  
  66  13:39  SCV  
  67  13:42  Widow Mine  
  69  13:51  SCV  
  70  14:03  SCV  
  70  14:04  Widow Mine  
  73  14:25  Widow Mine  
Show
View Real Time Build Order
Export as new Build Order

Bublu Protoss 

Build Orders:  

Get SALT Encoding   

  12  0:01  Probe (Chrono Boost)  
  13  0:10  Probe (Chrono Boost)  
  14  0:18  Pylon  
  14  0:21  Probe  
  15  0:36  Probe  
  15  0:38  Gateway  
  16  0:48  Probe  
  17  0:52  Assimilator  
  17  1:00  Probe (Chrono Boost)  
  19  1:11  Probe (Chrono Boost)  
  19  1:16  Probe (Chrono Boost)  
  20  1:20  Pylon  
  20  1:22  Assimilator  
  20  1:32  Probe  
  21  1:34  Cybernetics Core  
  21  1:38  Pylon  
  21  1:44  Probe  
  20  1:56  Probe  
  7  3:53  Zealot  
  8  4:33  Probe (Chrono Boost)  
  9  4:39  Probe (Chrono Boost)  
  10  4:51  Probe  
  11  5:05  Stalker  
  13  5:13  Probe (Chrono Boost)  
  13  5:28  Probe (Chrono Boost)  
  14  5:41  Probe (Chrono Boost)  
  15  5:56  Probe (Chrono Boost)  
  16  5:57  Warp Gate  
  16  6:00  Probe (Chrono Boost)  
  17  6:12  Probe (Chrono Boost)  
  18  6:23  Probe (Chrono Boost)  
  19  6:28  Probe (Chrono Boost)  
  20  6:38  Probe (Chrono Boost)  
  21  6:41  Pylon  
  21  6:50  Probe (Chrono Boost)  
  22  6:58  Probe (Chrono Boost)  
  23  7:05  Probe  
  24  7:09  Stalker  
  26  7:17  Probe (Chrono Boost)  
  26  7:21  Nexus  
  27  7:29  Probe (Chrono Boost)  
  28  7:35  Probe (Chrono Boost)  
  29  7:39  Gateway  
  29  7:43  Probe  
  30  7:49  Pylon  
  30  7:55  Probe  
  31  8:06  Robotics Facility  
  31  8:07  Probe  
  32  8:19  Probe  
  33  8:23  Stalker  
  35  8:31  Pylon  
  36  8:35  Probe (Chrono Boost)  
  36  8:36  Probe (Chrono Boost)  
  37  8:44  Probe (Chrono Boost)  
  37  8:45  Probe (Chrono Boost)  
  39  8:52  Probe  
  40  8:56  Stalker, Probe  
  35  9:04  Probe  
  35  9:08  Probe  
  36  9:16  Probe  
  37  9:17  Forge  
  37  9:20  Probe  
  37  9:23  Assimilator  
  38  9:25  Assimilator  
  38  9:28  Probe  
  38  9:29  Observer  
  40  9:32  Probe (Chrono Boost)  
  40  9:35  Stalker  
  43  9:41  Probe (Chrono Boost)  
  43  9:44  Probe (Chrono Boost)  
  45  9:47  Stalker  
  45  9:50  Probe (Chrono Boost)  
  45  9:51  Pylon, Probe (Chrono Boost)  
  49  9:55  Probe (Chrono Boost)  
  49  9:58  Probe  
  47  10:05  Stalker  
  39  10:07  Probe  
  32  10:14  Stalker  
  32  10:17  Probe  
  32  10:20  Pylon  
  28  10:26  Probe (Chrono Boost)  
  26  10:30  Probe (Chrono Boost)  
  23  10:38  Probe (Chrono Boost)  
  23  10:42  Probe (Chrono Boost)  
  21  10:45  Probe (Chrono Boost)  
  21  10:47  Probe (Chrono Boost)  
  19  11:00  Probe (Chrono Boost)  
  19  11:08  Probe (Chrono Boost)  
  20  11:15  Probe  
  21  11:22  Probe  
  22  11:30  Probe  
  23  11:46  Probe  
  24  11:52  Stalker  
  25  12:01  Probe  
  24  12:12  Stalker  
  20  12:16  Probe  
  20  12:21  Probe  
  21  12:28  Probe  
  17  12:33  Probe  
  10  12:48  Probe  
  11  13:10  Observer  
  12  13:17  Probe  
  11  13:50  Probe  
  12  14:01  Probe  
  13  14:23  Probe  
  14  14:31  Probe  
  15  14:38  Probe  
Tags
 
Add a new tag
Caveats
  • Supply blocks, unpowered buildings, or Contaminate may cause inaccurate times.
  • Supply counts are checked every 10 seconds.